 Dungeon Sprint DCSS version 0.17-a0-2002-g92c7e20 (webtiles) character file.

6596 Kidiri the Unseen (level 10, -4/44 HPs)
             Began as a Spriggan Enchanter on Oct 8, 2015.
             Was the Champion of Dithmenos.
             Slain by Maud
             ... wielding a +2 war axe of chopping
              (29 damage)
             ... in the Dungeon (Sprint III: "The Ten Rune Challenge").
             The game lasted 00:13:03 (2901 turns).

Kidiri the Unseen (Spriggan Enchanter)              Turns: 2901, Time: 00:13:03

Health: -4/44      AC:  5    Str:  4    XL:     10   Next: 71%
Magic:  26/27      EV: 31    Int: 19    God:    Dithmenos [******]
Gold:   28         SH:  0    Dex: 18    Spells: 9 memorised, 3 levels left

rFire  . . .     SeeInvis +     k - +3 dagger
rCold  . . .     Clarity  .     w - +2 robe {MR+}
rNeg   . . .     SustAt   .     (shield restricted)
rPois  .         Gourm    .     (helmet restricted)
rElec  .         Spirit   .     m - +0 cloak
rCorr  .         Warding  .     (gloves unavailable)
rMut   .         NoTele   +     (boots unavailable)
MR     ++...                    (no amulet)
Stlth  ++++++++++               (no ring)
                                (no ring)

@: wreathed by umbra, very quick, very resistant to hostile enchantments,
uncannily stealthy
A: unfitting armour, see invisible, herbivore 3, speed 3, slow metabolism 2
a: Shadow Step, Shadow Form, Renounce Religion


You were in the Dungeon.
You worshipped Dithmenos.
Dithmenos was exalted by your worship.
You were full.

You visited 1 branch You collected 28 gold pieces.

Inventory:

Hand Weapons
 k - a +3 dagger (weapon)
Missiles
 a - 2 throwing nets (quivered)
Armour
 m - a +0 cloak (worn)
 w - a +2 robe of magic resistance (worn)
Scrolls
 j - a scroll of blinking
 p - a scroll of torment {unknown}
 r - 3 scrolls of remove curse
 t - a scroll of holy word {unknown}
Potions
 b - a potion of berserk rage
 e - 3 potions of curing
 f - a potion of heal wounds
 g - a potion of haste
 h - 2 potions of magic
 s - 2 potions of flight
 v - a potion of cure mutation
Books
 o - a book of Burglary

   Spells                             Type                      Level
   a - Swiftness                      Charms/Air                   2
   b - Passwall                       Transmutation/Earth          3
   c - Passage of Golubria            Translocation                4
   d - Lee's Rapid Deconstruction     Earth                        5
   e - Darkness                       Hexes                        6
   f - Invisibility                   Hexes                        6
Comestibles
 d - a bread ration
 u - 25 royal jellies


   Skills:
 * Level 11.0 Short Blades
 + Level 5.2 Armour
 * Level 14.5 Dodging
 * Level 15.3 Stealth
 * Level 12.1 Spellcasting
 + Level 4.2 Conjurations
 + Level 9.1 Hexes
 + Level 8.1 Translocations
 + Level 7.5 Transmutations
 + Level 4.7 Ice Magic
 + Level 5.1 Earth Magic
 - Level 2.9 Invocations


You had 3 spell levels left.
You knew the following spells:

 Your Spells              Type           Power        Failure   Level  Hunger
a - Corona                Hex            #####..      1%          1    None
b - Ensorcelled Hibernat  Hex/Ice        #####.       1%          2    None
c - Confuse               Hex            #####...     1%          3    None
d - Tukima's Dance        Hex            #####...     1%          3    None
e - Dazzling Spray        Conj/Hex       #####...     1%          3    None
f - Passwall              Trmt/Erth      #####.....   1%          3    None
g - Passage of Golubria   Tloc           N/A          1%          4    #......
h - Lee's Rapid Deconstr  Erth           ####......   21%         5    ####...
i - Invisibility          Hex            #####...     24%         6    ######.


Dungeon Overview and Level Annotations

Branches:
Dungeon (1/1)

Altars:
Cheibriados
Dithmenos
Elyvilon
Fedhas
Gozag
Kikubaaqudgha
Makhleb
Nemelex Xobeh
Okawaru
Qazlal
Ru
Sif Muna
Trog
Vehumet
Xom
Yredelemnul
Zin
The Shining One
Jiyva
Lugonu

Annotations:
D Maud


Innate Abilities, Weirdness & Mutations

You are tiny and cannot use many weapons and most armour.
You have supernaturally acute eyesight.
You are a herbivore.
You cover ground extremely quickly.
You need consume almost no food.


Message History

Maud is almost dead.
You hit Maud but do no damage.
Maud is almost dead.
Maud struggles against the net.
The net rips apart, and Maud comes free!
You hit Maud but do no damage.
Maud is almost dead.
Throwing (i - inventory):
a - 3 throwing nets (quivered)
Press: ? - help, Shift-Dir - straight line, f/p - Maud
Aim: Maud, wielding a war axe of chopping and wearing a chain mail (almost dead, umbra)
You throw a throwing net. The throwing net barely misses Maud.
Your shadow throws a throwing net.
The throwing net hits Maud.
Maud is caught in the net!
Maud is almost dead.
The throwing net disappears in a puff of smoke!
You hit Maud.
Maud is almost dead.
Maud hits you with a war axe of chopping!!
Ouch! That really hurt!
You die...

###....#___#v.+...#.).#..#..##..'
▓▓▓▓▓▓▓▓▓▓▓▓▓▓▓▓▓▓▓▓▓▓▓▓▓▓▓▓▓▓#
♣♣≈≈≈........≈≈≈...#
+♣♣'♣≈≈≈≈≈≈≈≈≈≈≈≈♣♣..'
#.%♣♣♣♣♣♣♣♣♣♣♣♣♣♣♣♣PP# #..♣♣ ♣♣♣#
###'♣♣♣♣♣ ♣♣♣♣%##@.## ♣...##@##.#
♣♣.##.##§##+ ♣..#.##§@§#
♣♣.##.##§§# ♣♣.##.##### ♣.....#
#######


You could see Maud.

Vanquished Creatures
  Erolcha (D)
  A lindwurm (D)
  2 spiny frogs (D)
  A komodo dragon (D)
  A queen bee (D)
  3 wandering mushrooms (D)
  A deep elf priest (D)
  4 redbacks (D)
  A shadow (D)
  2 trapdoor spiders (D)
  2 hill giants (D)
  A necrophage (D)
  2 brain worms (D)
  2 two-headed ogres (D)
  A water elemental (D)
  32 killer bees (D)
  A jelly (D)
  Crazy Yiuf (D)
  A necromancer (D)
  A wizard (D)
  A kobold demonologist (D)
  3 humans (D)
  An ooze (D)
  3 rats (D)
69 creatures vanquished.

Vanquished Creatures (collateral kills)
  A two-headed ogre (D)
1 creature vanquished.

Vanquished Creatures (others)
  2 draconian scorchers (D)
  2 hydras (D)
  3 yaktaurs (D)
  An electric eel (D)
  A giant spore (D)
  A plant (D)
10 creatures vanquished.

Grand Total: 80 creatures vanquished

Notes
Turn   | Place    | Note
--------------------------------------------------------------
     0 | D        | Kidiri the Spriggan Enchanter began the quest for the Orb.
     0 | D        | Reached XP level 1. HP: 9/9 MP: 5/5
    54 | D        | Reached skill level 5 in Stealth
    63 | D        | Noticed Crazy Yiuf
    66 | D        | Killed Crazy Yiuf
    66 | D        | Reached skill level 1 in Armour
    66 | D        | Reached skill level 5 in Dodging
    66 | D        | Reached skill level 6 in Stealth
    66 | D        | Reached XP level 2. HP: 13/13 MP: 6/8
    66 | D        | Reached XP level 3. HP: 16/16 MP: 6/9
    83 | D        | Killed a yaktaur
    86 | D        | Learned a level 2 spell: Ensorcelled Hibernation
    90 | D        | Learned a level 3 spell: Confuse
    94 | D        | Learned a level 3 spell: Dazzling Spray
   100 | D        | Killed a yaktaur
   165 | D        | Gained mutation: You have sharp toenails. [potion of mutation]
   165 | D        | Gained mutation: You are agile. (Dex +2) [potion of mutation]
   166 | D        | Gained mutation: You tend to lose your temper in combat. [potion of mutation]
   166 | D        | Gained mutation: You occasionally shout uncontrollably at your foes. [potion of mutation]
   166 | D        | Gained mutation: Your body sometimes deteriorates upon taking damage. [potion of mutation]
   167 | D        | Lost mutation: Your body sometimes deteriorates upon taking damage. [potion of cure mutation]
   167 | D        | Lost mutation: You occasionally shout uncontrollably at your foes. [potion of cure mutation]
   167 | D        | Lost mutation: You have sharp toenails. [potion of cure mutation]
   167 | D        | Lost mutation: You are agile. (Dex +2) [potion of cure mutation]
   167 | D        | Lost mutation: You tend to lose your temper in combat. [potion of cure mutation]
   328 | D        | Killed a white draconian scorcher
   333 | D        | Noticed a water elemental
   339 | D        | Killed a white draconian scorcher
   354 | D        | Killed a water elemental
   354 | D        | Reached skill level 7 in Stealth
   354 | D        | Reached skill level 5 in Spellcasting
   354 | D        | Reached XP level 4. HP: 16/21 MP: 2/12
   380 | D        | Learned a level 3 spell: Tukima's Dance
   495 | D        | Noticed a jelly
   496 | D        | Noticed a shadow
   498 | D        | Killed a shadow
   498 | D        | Reached skill level 5 in Short Blades
   498 | D        | Reached skill level 8 in Dodging
   498 | D        | Reached skill level 9 in Stealth
   498 | D        | Reached skill level 5 in Hexes
   498 | D        | Reached XP level 5. HP: 24/24 MP: 12/15
   505 | D        | Killed a jelly
   505 | D        | Reached XP level 6. HP: 24/28 MP: 11/17
   549 | D        | Found a stormy altar of Qazlal.
   550 | D        | Found a sacrificial altar of Ru.
   550 | D        | Found a burning altar of Makhleb.
   550 | D        | Found a viscous altar of Jiyva.
   550 | D        | Found a shimmering altar of Xom.
   550 | D        | Found a shadowy altar of Dithmenos.
   550 | D        | Found a sparkling altar of Nemelex Xobeh.
   550 | D        | Found a corrupted altar of Lugonu.
   550 | D        | Found an opulent altar of Gozag.
   550 | D        | Noticed a spatial vortex
   554 | D        | Became a worshipper of Dithmenos the Shadowed
   687 | D        | Found a radiant altar of Vehumet.
   688 | D        | Found a deep blue altar of Sif Muna.
   688 | D        | Found an ancient bone altar of Kikubaaqudgha.
   688 | D        | Noticed a wizard
   689 | D        | Killed a wizard
   689 | D        | Reached skill level 10 in Stealth
   747 | D        | Learned a level 3 spell: Passwall
   752 | D        | Learned a level 4 spell: Passage of Golubria
   764 | D        | Found a glowing silver altar of Zin.
   765 | D        | Found a glowing golden altar of the Shining One.
   765 | D        | Found a white marble altar of Elyvilon.
   765 | D        | Noticed a deep elf priest
   767 | D        | Killed a deep elf priest
   767 | D        | Reached skill level 1 in Conjurations
   767 | D        | Reached skill level 1 in Ice Magic
   767 | D        | Reached skill level 1 in Earth Magic
   767 | D        | Reached skill level 1 in Invocations
   767 | D        | Reached XP level 7. HP: 32/32 MP: 17/19
   797 | D        | Found an iron altar of Okawaru.
   798 | D        | Found a bloodstained altar of Trog.
   798 | D        | Noticed a human
   798 | D        | Noticed a human
   804 | D        | Killed a human
   804 | D        | Reached skill level 10 in Dodging
   804 | D        | Reached skill level 11 in Stealth
   819 | D        | Killed a human
   902 | D        | Found a basalt altar of Yredelemnul.
   902 | D        | Found a snail-covered altar of Cheibriados.
   902 | D        | Found a blossoming altar of Fedhas.
   902 | D        | Noticed a necrophage
   902 | D        | Noticed a necromancer
   906 | D        | Killed a necrophage
   906 | D        | Acquired Dithmenos's first power
   910 | D        | Killed a necromancer
  1028 | D        | Noticed a two-headed ogre
  1028 | D        | Noticed a two-headed ogre
  1034 | D        | Killed a two-headed ogre
  1036 | D        | Noticed a two-headed ogre
  1044 | D        | Killed a two-headed ogre
  1078 | D        | Killed a two-headed ogre
  1078 | D        | Acquired Dithmenos's second power
  1078 | D        | Reached XP level 8. HP: 19/36 MP: 1/22
  1158 | D        | Learned a level 5 spell: Lee's Rapid Deconstruction
  1187 | D        | Noticed a hill giant
  1190 | D        | Killed a hill giant
  1229 | D        | Noticed Erolcha
  1233 | D        | Noticed a hill giant
  1243 | D        | Killed a hill giant
  1243 | D        | Reached skill level 12 in Stealth
  1295 | D        | Noticed a redback
  1297 | D        | Noticed a trapdoor spider
  1300 | D        | Killed a trapdoor spider
  1309 | D        | Killed a redback
  1420 | D        | Killed Erolcha
  1420 | D        | Acquired Dithmenos's third power
  1420 | D        | Reached skill level 13 in Stealth
  1420 | D        | Reached skill level 10 in Spellcasting
  1420 | D        | Reached skill level 5 in Translocations
  1420 | D        | Reached skill level 5 in Transmutations
  1420 | D        | Reached XP level 9. HP: 27/39 MP: 12/24
  1425 | D        | Noticed a trapdoor spider
  1430 | D        | Killed a trapdoor spider
  1803 | D        | Noticed a killer bee
  1803 | D        | Noticed a killer bee
  1803 | D        | Noticed a killer bee
  1804 | D        | Noticed a killer bee
  1804 | D        | Noticed a killer bee
  1804 | D        | Noticed a killer bee
  1804 | D        | Noticed a killer bee
  1804 | D        | Noticed a killer bee
  1804 | D        | Noticed a killer bee
  1804 | D        | Noticed a killer bee
  1804 | D        | Noticed a killer bee
  1804 | D        | Noticed a killer bee
  1804 | D        | Noticed a killer bee
  1804 | D        | Noticed a killer bee
  1804 | D        | Noticed a killer bee
  1804 | D        | Noticed a killer bee
  1804 | D        | Noticed a killer bee
  1804 | D        | Noticed a killer bee
  1804 | D        | Noticed a killer bee
  1804 | D        | Noticed a killer bee
  1804 | D        | Noticed a killer bee
  1804 | D        | Noticed a killer bee
  1804 | D        | Noticed a killer bee
  1804 | D        | Noticed a killer bee
  1804 | D        | Noticed a killer bee
  1804 | D        | Noticed a killer bee
  1804 | D        | Noticed a killer bee
  1804 | D        | Noticed a killer bee
  1804 | D        | Noticed a queen bee
  1804 | D        | Noticed a killer bee
  1804 | D        | Noticed a killer bee
  1804 | D        | Noticed a killer bee
  1804 | D        | Noticed a killer bee
  1805 | D        | Killed a killer bee
  1806 | D        | Killed a killer bee
  1810 | D        | Killed a killer bee
  1817 | D        | Killed a killer bee
  1819 | D        | Killed a killer bee
  1822 | D        | Killed a killer bee
  1822 | D        | Acquired Dithmenos's fourth power
  1824 | D        | Killed a killer bee
  1828 | D        | Killed a killer bee
  1963 | D        | Killed a killer bee
  1966 | D        | Killed a killer bee
  1968 | D        | Killed a killer bee
  1970 | D        | Killed a killer bee
  1972 | D        | Killed a killer bee
  1974 | D        | Killed a killer bee
  1979 | D        | Killed a killer bee
  2111 | D        | Killed a killer bee
  2116 | D        | Killed a killer bee
  2120 | D        | Killed a killer bee
  2122 | D        | Killed a killer bee
  2125 | D        | Killed a killer bee
  2129 | D        | Killed a queen bee
  2129 | D        | Reached skill level 10 in Short Blades
  2148 | D        | Learned a level 6 spell: Invisibility
  2272 | D        | Killed a killer bee
  2274 | D        | Killed a killer bee
  2290 | D        | Killed a killer bee
  2290 | D        | Reached skill level 14 in Stealth
  2292 | D        | Killed a killer bee
  2294 | D        | Killed a killer bee
  2296 | D        | Killed a killer bee
  2298 | D        | Killed a killer bee
  2301 | D        | Killed a killer bee
  2313 | D        | Killed an electric eel
  2373 | D        | Killed a killer bee
  2373 | D        | Reached XP level 10. HP: 44/44 MP: 23/26
  2377 | D        | Killed a killer bee
  2379 | D        | Killed a killer bee
  2384 | D        | Killed a killer bee
  2399 | D        | Killed a yaktaur
  2464 | D        | Noticed a wandering mushroom
  2505 | D        | Killed a seven-headed hydra
  2551 | D        | Noticed a wandering mushroom
  2557 | D        | Killed a wandering mushroom
  2560 | D        | Noticed a wandering mushroom
  2560 | D        | Killed an eight-headed hydra
  2564 | D        | Killed a wandering mushroom
  2584 | D        | Killed a wandering mushroom
  2709 | D        | Noticed a spiny frog
  2709 | D        | Noticed a komodo dragon
  2709 | D        | Noticed a spiny frog
  2723 | D        | Killed a komodo dragon
  2723 | D        | Reached skill level 5 in Armour
  2726 | D        | Killed a spiny frog
  2728 | D        | Killed a spiny frog
  2797 | D        | Noticed a redback
  2799 | D        | Killed a redback
  2799 | D        | Reached skill level 15 in Stealth
  2800 | D        | Noticed a brain worm
  2806 | D        | Killed a brain worm
  2811 | D        | Noticed a brain worm
  2813 | D        | Killed a brain worm
  2818 | D        | Noticed a lindwurm
  2820 | D        | Noticed a redback
  2821 | D        | Killed a lindwurm
  2821 | D        | Reached skill level 5 in Earth Magic
  2823 | D        | Killed a redback
  2827 | D        | Noticed a redback
  2828 | D        | Killed a redback
  2829 | D        | Noticed Maud
  2901 | D        | Slain by Maud

Vault maps used:
D:        dungeon_sprint_mu

Action                   |  1- 3 |  4- 6 |  7- 9 | 10-12 || total
-------------------------+-------+-------+-------+-------++-------
Melee: Dagger            |    20 |    14 |    72 |    51 ||   157
Throw: Throwing net      |       |       |       |     4 ||     4
 Cast: Ensorcelled Hiber |     3 |     1 |    67 |    10 ||    81
       Dazzling Spray    |     2 |     5 |    10 |     8 ||    25
       Corona            |     1 |       |       |       ||     1
       Tukima's Dance    |       |       |     3 |     4 ||     7
Invok: Shadow Step       |       |       |     2 |     1 ||     3
  Use: Potion            |     4 |       |     1 |       ||     5
       Scroll            |     4 |       |       |       ||     4
 Stab: Sleeping          |     4 |     5 |    37 |    11 ||    57
       Invisible         |       |       |     5 |     1 ||     6
       Distracted        |       |       |       |     1 ||     1
       Held in net/web   |       |       |       |     1 ||     1
  Eat: Bread ration      |       |       |     1 |       ||     1
